 Dungeon Crawl Stone Soup version 0.31-a0-844-gdc52ec4e09 (webtiles) character file.

Game seed: 4180779931313695330

112 Conn the Sneak (level 4, -1/27 HPs)
             Began as an Octopode Fire Elementalist on Sept 29, 2023.
             Slain by a scorpion (7 damage)
             ... on level 4 of the Dungeon.
             The game lasted 00:05:02 (2839 turns).

Conn the Sneak (Octopode Fire Elementalist)         Turns: 2839, Time: 00:05:04

Health: -1/27      AC:  1    Str:  7    XL:     4   Next: 93%
Magic:  0/7        EV: 13    Int: 19    God:
Gold:   127        SH:  5    Dex: 12    Spells: 2/8 levels left

rFire   + . .        b - +0 dagger
rCold   x . .        (no shield)
rNeg    . . .        (helmet restricted)
rPois   .            p - amulet of reflection
rElec   .            n - ring of fire
rCorr   .            (no ring)
SInv    .            (no ring)
Will    .....        (no ring)
Stlth   +++          (no ring)
HPRegen 0.24/turn    (no ring)
MPRegen 0.10/turn    (no ring)
                     (no ring)

%: reflection
@: lethally poisoned (-1 -> -7)
A: almost no armour, amphibious, 8 rings, camouflage 1, gelatinous body 1,
(nimble swimmer 1), tentacles
a: no special abilities


You were on level 4 of the Dungeon.
You visited 1 branch of the dungeon, and saw 4 of its levels.

You collected 127 gold pieces.

Inventory:

Hand Weapons
 b - a +0 dagger (weapon)
Missiles
 c - 8 poisoned darts
Jewellery
 n - a ring of fire (left tentacle)
 p - an amulet of reflection (around mantle)
Scrolls
 d - 5 scrolls of identify {unknown}
 e - 2 scrolls of enchant weapon {unknown}
 f - a scroll of immolation
 g - a scroll of noise {unknown}
 l - a scroll of teleportation {unknown}
 o - a scroll of vulnerability {unknown}
Potions
 a - a potion of magic
 h - a potion of berserk rage {unknown}
 i - a potion of resistance {unknown}
 j - a potion of heal wounds
 k - a potion of degeneration {unknown}
 m - a potion of invisibility {unknown}
 q - a potion of cancellation


   Skills:
 + Level 2.8 Dodging
 + Level 3.9 Stealth
 + Level 2.6 Spellcasting
 + Level 2.1 Conjurations
 + Level 3.6 Fire Magic


You had 2 spell levels left.
You knew the following spells:

 Your Spells              Type           Power      Damage    Failure   Level
a - Foxfire               Conj/Fire      80%        2x1d8     4%          1
b - Scorch                Fire           48%        2d7       5%          2
c - Inner Flame           Hex/Fire       14%        N/A       22%         3

Your spell library contained the following spells:

 Spells                   Type           Power      Damage    Failure   Level
 Ensorcelled Hibernation  Hex/Ice        4%         N/A       24%         2
 Passwall                 Tmut/Erth      1%         N/A       24%         2
 Volatile Blastmotes      Fire/Tloc      28%        2d12      22%         3
 Swiftness                Air            2%         N/A       43%         3
 Flame Wave               Conj/Fire      20%        2d7       43%         4
 Sticky Flame             Conj/Fire      20%        2d4       43%         4


Dungeon Overview and Level Annotations

Branches:
Dungeon (4/15)
 Temple: D:4-7

Altars:


Innate Abilities, Weirdness & Mutations

You cannot wear most types of armour.
You are amphibious.
You can wear up to eight rings at the same time.
Your skin changes colour to match your surroundings (Stealth+).
Your rubbery body absorbs attacks. (AC +1, EV +1)
((You are camouflaged when in or above water. (Stealth+)))
You have tentacles for arms and can constrict up to eight enemies at once.


Message History

You hit the scorpion.
The scorpion is heavily wounded.
You constrict the scorpion.
You feel sick.
The foxfire hits the scorpion but does no damage.
The scorpion is heavily wounded.
The foxfire hits the scorpion.
The scorpion is severely wounded.
The scorpion closely misses you. The scorpion stings you!
* * * LOW HITPOINT WARNING * * *
Unknown command.
Unknown command.
It was a potion of heal wounds.
You feel much better.
You constrict the scorpion, but do no damage.
You feel sick. The scorpion stings you!
It was a potion of cancellation.
You feel magically purged.
You constrict the scorpion, but do no damage.
You feel sick. The scorpion stings you.
You barely miss the scorpion.
You squeeze the scorpion, but do no damage.
The scorpion is severely wounded.
You constrict the scorpion, but do no damage.
You feel sick. The scorpion barely misses you.
You hit the scorpion.
You squeeze the scorpion, but do no damage.
The scorpion is almost dead.
You constrict the scorpion.
You feel sick. The scorpion stings you.
* * * LOW HITPOINT WARNING * * *
You are lethally poisoned!
The scorpion poisons you!
Unknown command.
Unknown command.
Unknown command.
You hit the scorpion.
You tentacle-slap the scorpion, but do no damage.
Your squeeze misses the scorpion.
The scorpion is almost dead.
You constrict the scorpion, but do no damage.
* * * LOW HITPOINT WARNING * * *
You feel sick. The scorpion stings you!
You die...

#...## #... #.
#..#..###..##.?.
#.###...#.......
#.. ###.#.....#
...# ##....# .##
.### #...ยง##....
#######..##...###
..!..............
####..@s..######
#.)###.# #....
..# #..#.. #.s.
#..##.. ##.# ..#
... ..# . #.#= ..
#...


You could see a scorpion.

Vanquished Creatures
  An orc priest (D:3)
  A gnoll (D:1)
  An adder (D:2)
  A worm (D:2)
  2 dart slugs
  6 orcs
  6 endoplasms
  3 giant cockroaches
  3 goblins (D:1)
  4 hobgoblins
  2 quokkas
  5 ball pythons
  4 bats
  3 frilled lizards (D:3)
  2 kobolds (D:1)
  7 rats
51 creatures vanquished.

Vanquished Creatures (others)
  125 foxfires
125 creatures vanquished.

Grand Total: 176 creatures vanquished

Notes
Turn   | Place    | Note
-------+----------+-------------------------------------------
     0 | D:1      | Conn the Octopode Fire Elementalist began the quest for the
                  | Orb.
     0 | D:1      | Reached XP level 1. HP: 11/11 MP: 3/3
   140 | D:1      | Reached XP level 2. HP: 9/17 MP: 1/5
   340 | D:1      | Learned a level 2 spell: Scorch
   404 | D:1      | Reached XP level 3. HP: 19/21 MP: 3/6
   408 | D:1      | Learned a level 3 spell: Inner Flame
   409 | D:1      | Found a faded altar of an unknown god.
  1548 | D:2      | Reached XP level 4. HP: 27/27 MP: 3/7
  2822 | D:4      | Noticed a scorpion
  2839 | D:4      | Slain by a scorpion

Illustrated notes

Levels and vault maps discovered:
D:1:      dpeg_arrival_court, layout_basic, hellmonk_ecumenical_altar_blasted,
          grunt_decor_cap, chequers_serial_rivers_small_b, minmay_pentomino_s2
D:2:      layout_rooms, hangedman_decor_push
D:3:      layout_loops_corners
D:4:      layout_rooms

Skill      XL: |  1  2  3  4 |
---------------+-------------+-----
Stealth        | 3 |  3.9
Conjurations   | 2 |  2.1
Dodging        | |  2.8
Spellcasting   | |  2.6
Fire Magic     | |  3.6

Action                     |  1- 3 |  4- 6 || total
---------------------------+-------+-------++-------
  Melee: Dagger            |    32 |    20 ||    52
         Tentacles         |     8 |     5 ||    13
         Constrict         |     6 |     4 ||    10
         Punch             |       |     1 ||     1
   Cast: Foxfire           |    44 |    26 ||    70
         Scorch            |     2 |       ||     2
         Inner Flame       |     1 |       ||     1
    Use: Scroll            |     1 |       ||     1
         Potion            |       |     2 ||     2
   Stab: Sleeping          |     7 |     1 ||     8
 Armour: Skin              |    16 |    11 ||    27
  Dodge: Dodged            |    26 |     7 ||    33
  Block: Other             |       |     4 ||     4

Table legend: (Time is in decaauts)
 A = Elapsed time spent in this place.
 B = Non-inter-level travel time spent in this place.
 C = Inter-level travel time spent in this place.
 D = Time resting spent in this place.
 E = Time spent auto-exploring this place.
 F = Levels seen in this place.
 G = Mean time per level.
                   A        B        C        D        E       F      G
               +--------+--------+--------+--------+--------+-----+--------+
         Total |   2838 |   2771 |     67 |     93 |   2028 |   4 |  709.5 |
       Dungeon |   2838 |   2771 |     67 |     93 |   2028 |   4 |  709.5 |
               +--------+--------+--------+--------+--------+-----+--------+

Top non-repeatable levels by time:
     D:1: 1159 daAuts
     D:3: 1008 daAuts
     D:2: 631 daAuts
     D:4: 39 daAuts
